Map: Redshift LE

Players

LiquidTLO (TLO)

  • Race: Zerg Zerg
  • League: Grandmaster
  • Spawn Location: 7:00

Namshar - Winner!

  • Race: Zerg Zerg
  • League: Grandmaster
  • Spawn Location: 11:00

Event: HomeStory Cup XVII

VOD

Have the link to the VOD?

Description

Time

  • Played on: June 28, 2018, 3:39 p.m.
  • Length: 7:57

All games in this series

Show
View Real Time Build Order
Export as new Build Order

LiquidTLO Zerg 

Build Orders: Hatch First 

Get SALT Encoding   

  12  0:00  Drone  
  13  0:08  Drone  
  14  0:16  Overlord  
  14  0:35  Drone x2  
  16  0:47  Hatchery  
  15  0:51  Drone  
  15  0:55  Drone  
  17  1:09  Spawning Pool  
  16  1:12  Drone  
  16  1:16  Extractor  
  16  1:17  Drone  
  17  1:20  Drone  
  18  1:29  Drone  
  19  1:39  Drone  
  20  1:52  Overlord  
  20  1:56  Queen  
  20  1:59  Queen  
  24  2:01  Drone  
  24  2:06  Drone  
  26  2:12  Drone x2  
  28  2:16  Metabolic Boost  
  28  2:21  Drone  
  29  2:24  Drone  
  30  2:35  Hatchery  
  29  2:39  Baneling Nest  
  29  2:40  Drone  
  29  2:43  Zergling x2  
  30  2:48  Drone  
  30  2:49  Overlord  
  31  2:54  Zergling x2  
  31  2:55  Zergling x2  
  33  3:04  Overlord  
  33  3:05  Zergling x2  
  33  3:06  Overlord  
  33  3:07  Zergling x2  
  33  3:08  Zergling x2  
  33  3:10  Drone  
  37  3:14  Drone x2  
  37  3:18  Overlord  
  39  3:21  Zergling x2  
  39  3:26  Roach Warren  
  39  3:27  Extractor  
  39  3:29  Drone  
  39  3:31  Drone  
  40  3:36  Zergling x4  
  40  3:37  Zergling x2  
  40  3:38  Zergling x2  
  40  3:40  Zergling x2  
  45  3:42  Zergling x2  
  46  3:51  Lair  
  46  3:54  Drone x2  
  46  3:55  Evolution Chamber  
  47  3:56  Drone  
  47  3:57  Extractor  
  47  3:58  Drone  
  48  4:03  Baneling x3  
  48  4:04  Baneling  
  48  4:05  Drone  
  48  4:09  Zergling x4  
  48  4:10  Zergling x2  
  48  4:13  Roach  
  48  4:16  Roach  
  53  4:19  Roach  
  53  4:22  Roach  
  57  4:25  Roach  
  57  4:28  Roach  
  61  4:32  Roach, Zergling x2  
  61  4:34  Roach  
  61  4:38  Roach  
  67  4:42  Roach  
  67  4:43  Roach  
  71  4:48  Roach  
  71  4:53  Roach  
  71  5:00  Roach  
  72  5:08  Roach  
  72  5:10  Glial Reconstitution  
  72  5:12  Roach  
  71  5:16  Roach  
  69  5:22  Roach  
  69  5:24  Roach  
  72  5:30  Drone  
  73  5:35  Overlord  
  73  5:36  Zerg Missile Weapons Level 1  
  73  5:38  Overlord  
  73  5:44  Overlord  
  73  5:46  Overlord  
  73  5:55  Roach, Ravager  
  73  5:56  Roach x2, Zergling x2  
  81  5:59  Roach  
  81  6:02  Roach  
  81  6:04  Drone  
  86  6:05  Drone  
  86  6:07  Zergling x2  
  89  6:11  Drone  
  89  6:12  Drone  
  89  6:13  Roach  
  89  6:18  Roach  
  93  6:20  Drone  
  93  6:24  Roach  
  96  6:27  Ravager  
  96  6:28  Ravager  
  96  6:32  Roach  
  100  6:36  Roach  
  100  6:39  Roach  
  102  6:42  Roach  
  104  6:47  Overlord  
  104  6:49  Overlord  
  104  7:01  Roach  
  106  7:02  Overlord  
  106  7:05  Roach  
  106  7:06  Roach  
  106  7:07  Roach x2, Ravager  
  113  7:11  Roach  
  113  7:13  Roach  
  113  7:15  Drone  
  116  7:16  Drone  
  109  7:24  Roach  
  109  7:25  Roach  
  109  7:27  Roach  
  109  7:28  Roach  
  90  7:33  Roach x2  
  90  7:37  Roach  
Show
View Real Time Build Order
Export as new Build Order

Namshar Zerg - Winner!

Build Orders: Hatch First 

Get SALT Encoding   

  12  0:00  Drone  
  13  0:12  Overlord  
  13  0:17  Drone  
  14  0:30  Drone x2  
  14  0:35  Drone  
  17  0:51  Hatchery  
  17  0:53  Drone  
  17  0:57  Drone  
  18  1:08  Extractor  
  17  1:12  Spawning Pool  
  17  1:14  Drone  
  17  1:18  Drone  
  18  1:28  Drone  
  19  1:38  Drone  
  20  1:49  Overlord  
  20  2:01  Extractor  
  21  2:04  Queen  
  21  2:06  Drone  
  21  2:07  Drone  
  23  2:12  Roach Warren, Drone  
  23  2:14  Drone  
  24  2:22  Lair  
  24  2:25  Drone  
  24  2:26  Drone  
  26  2:33  Drone  
  27  2:41  Queen, Evolution Chamber  
  28  2:46  Drone x2  
  30  2:52  Overlord  
  30  3:02  Overlord  
  30  3:04  Roach  
  32  3:06  Roach  
  34  3:14  Zerg Missile Weapons Level 1  
  34  3:15  Roach x2  
  34  3:16  Roach  
  40  3:20  Glial Reconstitution  
  40  3:24  Overlord  
  40  3:29  Roach  
  40  3:32  Roach  
  40  3:33  Roach  
  46  3:39  Overlord  
  46  3:46  Roach x2  
  46  3:47  Roach  
  52  3:58  Roach  
  52  4:01  Roach x2  
  58  4:12  Roach x2  
  62  4:22  Overlord x2  
  62  4:34  Roach  
  62  4:35  Roach x2  
  65  4:43  Roach x2  
  65  4:44  Roach x2  
  71  4:54  Roach x2  
  71  4:59  Roach  
  73  5:00  Roach  
  67  5:22  Roach x4  
  67  5:25  Drone x3  
  67  5:28  Overlord x2  
  78  5:43  Overlord  
  78  5:46  Drone  
  78  5:47  Drone x2  
  78  5:48  Drone x2  
  83  5:50  Ravager x2  
  85  5:58  Overlord  
  85  6:00  Drone x2  
  87  6:12  Roach x5  
  99  6:18  Roach  
  99  6:19  Roach  
  101  6:29  Roach x2  
  105  6:36  Roach  
  105  6:37  Overlord  
  105  6:38  Hatchery  
  106  6:43  Roach x2  
  108  6:49  Overlord  
  108  6:59  Roach x3  
  108  7:00  Overlord  
  114  7:07  Roach  
  112  7:24  Roach x5  
  103  7:46  Extractor  
Tags
 
Add a new tag
Caveats
  • Supply blocks, unpowered buildings, or Contaminate may cause inaccurate times.
  • Supply counts are checked every 10 seconds.